 Dungeon Crawl Stone Soup version 0.30.0-15-g856e2d3f33 (webtiles) character file.

Game seed: 5163322313849373299

156966 qw the Severer (level 17, -1/109 HPs)
             Began as a Gargoyle Fighter on May 21, 2023.
             Was a Priest of Okawaru.
             Slain by a demonic crawler (3 damage)
             ... on level 2 of the Spider Nest.
             The game lasted 00:13:36 (26820 turns).

qw the Severer (Gargoyle Fighter)                  Turns: 26820, Time: 00:13:36

Health: -1/109     AC: 43    Str: 31    XL:     17   Next: 68%
Magic:  1/24       EV: 20    Int:  9    God:    Okawaru [***...]
Gold:   1826       SH: 15    Dex:  8    Spells: 16/16 levels left

rFire   . . .        G - +2 broad axe (elec)
rCold   + . .        r - +2 kite shield
rNeg    + . .        B - +1 plate armour {Will+}
rPois   inf          u - +0 helmet
rElec   +            a - +2 cloak
rCorr   .            c - +2 pair of gloves
SInv    +            j - +0 pair of boots
Will    ++...        z - amulet of the acrobat Stlth
                     C - ring of Bauzadd {+Blink rPois EV+5 Dex+2 Stlth-}
HPRegen 0.38/turn    g - +5 ring of evasion
MPRegen 0.19/turn

%: acrobat
@: about to teleport, heroic, spiked, flying, slowed, very slow
A: sickness immunity, AC +12, big wings, negative energy resistance 1,
electricity resistance, torment resistance 1, petrification resistance, see
invisible, clumsy 1, cold resistance 1, strong 1
a: Renounce Religion, Evoke Blink, Heroism


You were on level 2 of the Spider Nest.
You worshipped Okawaru.
Okawaru was most pleased with you.
You visited 5 branches of the dungeon, and saw 25 of its levels.

You collected 2593 gold pieces.
You spent 767 gold pieces at shops.


Innate Abilities, Weirdness & Mutations

You are immune to sickness and miasma.
Your stone body is resilient. (AC +12)
You are immune to poison.
Your large and strong wings let you fly.
You resist negative energy. (rN+)
You are resistant to electric shocks. (rElec)
You are resistant to unholy torment.
You are immune to petrification.
You have supernaturally acute eyesight. (SInv)
You are clumsy. (Dex -2)
Your flesh is cold resistant. (rC+)
Your muscles are strong. (Str +4, Int/Dex -1)


   Skills:
 + Level 13.2(18.2) Fighting
 - Level 18.0(23.0) Axes
 - Level 7.0(12.0) Throwing
 - Level 13.0(18.0) Armour
 - Level 3.0(8.0) Dodging
 - Level 13.5(18.5) Shields
 - Level 10.0 Invocations


You had 16 spell levels left.
You didn't know any spells.
Your spell library was empty.

Inventory:

Hand Weapons
 b - a +0 morningstar
 G - a +2 broad axe of electrocution (weapon)
Missiles
 m - 7 boomerangs
 E - a javelin (quivered)
Armour
 a - a +2 cloak (worn)
 c - a +2 pair of gloves (worn)
 j - a +0 pair of boots (worn)
 o - +0 acid dragon scales
 p - a +0 tower shield
 r - a +2 kite shield (worn)
 t - the +0 chain mail "Jinn" {rC+ rN+ Dex+3}
   (Okawaru gifted it to you on level 5 of the Lair of Beasts)

   Dex:       It affects your dexterity (+3).
   rC:        It protects you from cold.
   rN:        It protects you from negative energy.
 u - a +0 helmet (worn)
 B - a +1 plate armour of willpower (worn)
 F - the scarf of the Harvest Moon {repulsion, rPois rCorr Int-5}
   (You bought it in a shop on level 2 of the Orcish Mines)

   Int:       It affects your intelligence (-5).
   rPois:     It protects you from poison.
   rCorr:     It protects you from acid and corrosion.
Jewellery
 g - a +5 ring of evasion (right hand)
 l - a ring of protection from fire
 w - a ring of protection from fire
 z - an amulet of the acrobat (around neck)
 C - the ring of Bauzadd (left hand) {+Blink rPois EV+5 Dex+2 Stlth-}
   (You took it off a hell knight on level 12 of the Dungeon)

   [ring of evasion]

   EV:        It affects your evasion (+5).
   Dex:       It affects your dexterity (+2).
   rPois:     It protects you from poison.
   +Blink:    It lets you blink.
   Stlth:     It makes you less stealthy.
 Y - the ring of Muxzo {rElec rC+++ Will- Str+3 Dex+6}
   (You found it on level 5 of the Lair of Beasts)

   [ring of dexterity]

   Str:       It affects your strength (+3).
   Dex:       It affects your dexterity (+6).
   rC:        It renders you almost immune to cold.
   rElec:     It insulates you from electricity.
   Will:      It decreases your willpower.
Scrolls
 k - 17 scrolls of identify
 q - 9 scrolls of teleportation
Potions
 d - 3 potions of might
 e - 5 potions of attraction
 f - 4 potions of heal wounds
 h - 4 potions of lignification
 i - 5 potions of mutation
 n - 2 potions of resistance
 s - 2 potions of cancellation
 v - 3 potions of magic
 x - 6 potions of curing
 A - a potion of haste

Dungeon Overview and Level Annotations

Branches:
Dungeon (15/15)            Temple (1/1) D:4            Lair (5/5) D:8
 Shoals (0/4) Lair:2       Spider (2/4) Lair:3        Slime (0/5) Lair:4
    Orc (2/2) D:10            Elf (0/3) Orc:2        Vaults (0/5) D:14
 Depths (0/4) D:15

Altars:
Ashenzari
Cheibriados
Dithmenos
Elyvilon
Fedhas
Gozag
Hepliaklqana
Kikubaaqudgha
Makhleb
Nemelex Xobeh
Okawaru
Qazlal
Ru
Sif Muna
Trog
Uskayaw
Vehumet
Wu Jian
Xom
Yredelemnul
Zin
The Shining One
Lugonu

Shops:
D:8 ?   D:9 *   D:10 [   Orc:2 (:[*

Portals:
Abyss: Lair:5

Annotations:
D:4 1 runed translucent door, Crazy Yiuf
D:7 3 runed translucent doors, qw's ghost, novice GrFi


Message History

The ghost moth is severely wounded.
You hit the demonic crawler. You barely miss the steelbarb worm.
You slash the meliai! The meliai closely misses you.
You block the meliai's attack.
The orb spider weaves a glowing orb of energy.
The steelbarb worm closely misses you. The meliai closely misses you.
The meliai completely misses you.
The demonic crawler hits you but does no damage.
The demonic crawler hits you. You block the demonic crawler's attack.
The ghost moth stares at you. You block the ghost moth's attack.
The ghost moth misses you.
The ghost moth stings you but does no damage.
An orb of destruction comes into view.
You slash the ghost moth!
Lightning courses through the ghost moth!
You kill the ghost moth!
Okawaru accepts your kill.
You hit the demonic crawler but do no damage.
You hit the steelbarb worm but do no damage.
Lightning courses through the steelbarb worm!
You slash the meliai! Lightning courses through the meliai!!
You kill the meliai!
Okawaru accepts your kill. You block the steelbarb worm's attack.
A jorogumo comes into view.
You block the demonic crawler's attack.
The demonic crawler hits you but does no damage.
The demonic crawler completely misses you.
The orb of destruction hits you!! You block the steelbarb worm's attack.
The jorogumo shouts!
26820 ||| READING 10 scrolls of teleportation.
As you read the scroll of teleportation, it crumbles to dust.
You feel strangely unstable. The demonic crawler misses you.
The demonic crawler hits you but does no damage.
The demonic crawler completely misses you.
The steelbarb worm hits you!!
Barbed spikes become lodged in your body.
The demonic crawler hits you.
You die...

##..........
##........... ####
##............
###...####.............
##..)...................
.(............#####.....
....s........## #....<
.....00.[.^..# #.....
.....ws@.....# #.....
......w)....## ##....
.H..........# ##...
............# ####
...........##
...........#
..........## .........##


You could see a jorogumo, a steelbarb worm, a torpor snail, a demonic crawler
and an orb spider.

Vanquished Creatures
  Nikola (Spider:2)
  Arachne (Spider:1)
  Frances (D:12)
  A frost giant (D:12)
  Louise (Spider:2)
  Aizul (Spider:2)
  A ghost moth (Spider:2)
  A broodmother (Spider:1)
  An orc warlord (Orc:2)
  An ettin (D:12)
  A rakshasa (D:15)
  5 hydras
  4 radroaches
  9 centaur warriors
  4 two-headed ogres
  9 death yaks (Lair:5)
  9 boulder beetles
  2 deep troll earth magi (D:12)
  4 thrashing horrors (Lair:5)
  4 orc high priests (Orc:2)
  A hell knight (D:12)
  2 pharaoh ants
  2 skysharks
  3 sun moths (Spider:1)
  An orb spider (Spider:2)
  A wolf spider zombie (D:15)
  A necromancer (D:15)
  Pikel (D:4)
  2 wizards
  2 steelbarb worms
  A deep elf zephyrmancer (D:15)
  A phantasmal warrior (D:12)
  2 harpies (Lair:2)
  4 orc knights
  3 orc sorcerers (Orc:2)
  3 deep elf pyromancers
  6 wolf spiders
  A cyclops (D:12)
  An oklob plant (Orc:1)
  10 elephants
  16 ugly things
  A torpor snail (Spider:2)
  A smoke demon (Lair:5)
  4 black mambas
  7 cane toads
  A naga mage (D:15)
  A cane toad (shapeshifter) (Lair:5)
  A demonic crawler (Spider:1)
  2 gargoyles
  5 rime drakes
  An unseen horror (D:13)
  A centaur skeleton (D:15)
  Psyche (D:12)
  4 kobold demonologists (D:12)
  A tengu conjurer (D:13)
  15 komodo dragons
  A yaktaur (D:12)
  An ancient zyme (Lair:5)
  A harpy zombie (D:15)
  9 trolls
  5 polar bears
  6 meliai
  A hornet (D:12)
  Prince Ribbit (D:6)
  12 tarantellas
  A hornet (shapeshifter) (D:12)
  Grinder (D:6)
  6 dream sheep (Lair:5)
  26 blink frogs
  3 culicivoras (Spider:2)
  A spriggan (Lair:5)
  10 jumping spiders
  50 yaks
  2 slime creatures (Lair:4)
  A ynoxinul (Lair:5)
  A spriggan (shapeshifter) (D:13)
  A vampire (D:12)
  A wraith (D:12)
  2 wyverns
  Eustachio (D:5)
  14 basilisks
  3 steam dragons
  2 chaos spawn (Lair:5)
  21 redbacks
  Menkaure (D:4)
  6 vampire mosquitoes
  10 large abominations
  2 acid dragons
  A warg (Orc:2)
  17 small abominations
  17 water moccasins
  29 orc warriors
  2 ice beasts (D:8)
  2 sky beasts
  2 hornet zombies (D:15)
  6 ogres
  18 centaurs
  A phantom (D:7)
  3 kobold brigands
  7 bullfrogs
  2 scorpions
  10 wights
  5 killer bees (D:10)
  A killer bee (shapeshifter) (Lair:5)
  4 electric eels
  7 howler monkeys
  19 orc priests
  2 hounds
  3 jellies
  Ijyb (D:5)
  8 iguanas
  24 orc wizards
  A killer bee simulacrum (D:8)
  3 gnolls (D:4)
  8 adders
  2 white imps (D:8)
  3 ufetubi
  A worm (D:2)
  2 dart slugs
  68 orcs
  3 endoplasms
  A giant cockroach (D:4)
  7 goblins
  3 hobgoblins
  3 quokkas
  5 ball pythons
  2 bats (D:2)
  7 frilled lizards
  15 kobolds
  5 rats
704 creatures vanquished.

Vanquished Creatures (others)
  An orc wizard (Orc:2)
  A kobold (D:5)
2 creatures vanquished.

Grand Total: 706 creatures vanquished

Notes
Turn   | Place    | Note
-------+----------+-------------------------------------------
     0 | D:1      | qw the Gargoyle Fighter began the quest for the Orb.
     0 | D:1      | Reached XP level 1. HP: 14/14 MP: 1/1
     0 | D:1      | 0 ||| qw: Version: 0.2-a-98-g16b38d9
     0 | D:1      | 0 ||| qw: Game counter: 4
     0 | D:1      | 0 ||| qw: Always use a shield: true
     0 | D:1      | 0 ||| qw: God list: Okawaru
     0 | D:1      | 0 ||| qw: Allow faded altars: false
     0 | D:1      | 0 ||| qw: Do Orc after D:15 true
     0 | D:1      | 0 ||| qw: Do second Lair branch before Depths: true
     0 | D:1      | 0 ||| qw: Lair rune preference: random
     0 | D:1      | 0 ||| qw: Plans: Normal, Zot:1-4, God:TSO, Crypt, Tomb,
                  | Pan, Slime:5, Hells, Abyss, Win
     0 | D:1      | 0 ||| PLANNING D:1-11
   160 | D:1      | Reached skill level 2 in Axes
   670 | D:1      | 670 ||| READING scroll labelled URUENEUNO TOCI.
   671 | D:1      | 671 ||| READING scroll labelled SUXKET WETRUU.
   672 | D:1      | 672 ||| READING scroll labelled LIMET NIATWUTT.
   674 | D:1      | 674 ||| READING 2 scrolls labelled PADALE GUAHA.
   675 | D:1      | 675 ||| READING scroll labelled GACVEL AF VURCH.
   677 | D:1      | 677 ||| DRINKING 2 fuming blue potions.
   777 | D:2      | Reached XP level 2. HP: 19/19 MP: 2/2
   872 | D:2      | Found a bloodstained altar of Trog.
   903 | D:2      | 903 ||| Stepping ~*~*~tactically~*~*~ (stealth).
  1092 | D:2      | Reached skill level 3 in Axes
  1092 | D:2      | Reached XP level 3. HP: 23/23 MP: 3/3
  1305 | D:2      | 1305 ||| UPGRADING to +0 ring mail of cold resistance.
  1315 | D:2      | 1315 ||| UPGRADING to +0 pair of boots.
  1320 | D:2      | 1320 ||| UPGRADING to ring of see invisible.
  1736 | D:3      | 1736 ||| Stepping ~*~*~tactically~*~*~ (stealth).
  1737 | D:3      | 1737 ||| Stepping ~*~*~tactically~*~*~ (stealth).
  1768 | D:3      | Reached XP level 4. HP: 23/28 MP: 4/4
  1806 | D:3      | Found a faded altar of an unknown god.
  2246 | D:3      | 2246 ||| Stepping ~*~*~tactically~*~*~ (stealth).
  2265 | D:3      | 2265 ||| UPGRADING to +1 cloak.
  2270 | D:3      | 2270 ||| UPGRADING to ring of positive energy.
  2271 | D:3      | 2271 ||| READING scroll labelled SERPHO DUMOU.
  2272 | D:3      | 2272 ||| READING scroll labelled JYMUTE FOSUACK.
  2273 | D:3      | 2273 ||| READING 2 scrolls labelled USOCEU RICEILILUNT.
  2365 | D:4      | Reached skill level 4 in Axes
  2444 | D:4      | Reached XP level 5. HP: 19/32 MP: 5/5
  2527 | D:4      | Reached skill level 5 in Axes
  2535 | D:4      | 2535 ||| Stepping ~*~*~tactically~*~*~ (stealth).
  2536 | D:4      | Noticed Menkaure
  2537 | D:4      | 2537 ||| Stepping ~*~*~tactically~*~*~ (stealth).
  2550 | D:4      | 2550 ||| Stepping ~*~*~tactically~*~*~ (stealth).
  2562 | D:4      | Killed Menkaure
  2563 | D:4      | Reached XP level 6. HP: 23/37 MP: 6/6
  2597 | D:4      | 2597 ||| Stepping ~*~*~tactically~*~*~ (stealth).
  2614 | D:4      | 2614 ||| Stepping ~*~*~tactically~*~*~ (stealth).
  2619 | D:4      | 2619 ||| Stepping ~*~*~tactically~*~*~ (stealth).
  2622 | D:4      | 2622 ||| Stepping ~*~*~tactically~*~*~ (stealth).
  2632 | D:4      | Found a staircase to the Ecumenical Temple.
  2633 | D:4      | 2633 ||| PLANNING TEMPLE
  2633 | D:4      | 2633 ||| Stepping ~*~*~tactically~*~*~ (stealth).
  2634 | D:4      | 2634 ||| Stepping ~*~*~tactically~*~*~ (stealth).
  2635 | D:4      | 2635 ||| DRINKING 2 fizzy orange potions.
  2720 | Temple   | Entered the Ecumenical Temple
  2749 | Temple   | 2749 ||| PLANNING OKAWARU WORSHIP
  2904 | Temple   | Became a worshipper of Warmaster Okawaru
  2904 | Temple   | 2904 ||| PLANNING D:1-11
  3002 | D:4      | Noticed Pikel
  3014 | D:4      | Killed Pikel
  3014 | D:4      | Reached * piety under Okawaru
  3014 | D:4      | Reached ** piety under Okawaru
  3015 | D:4      | Reached skill level 7 in Axes
  3015 | D:4      | Reached XP level 7. HP: 21/43 MP: 7/7
  3098 | D:4      | 3098 ||| DROPPING +0 mace.
  3199 | D:4      | Found a runed translucent door.
  3200 | D:4      | Noticed Crazy Yiuf
  3232 | D:4      | Found a basalt altar of Yredelemnul.
  3461 | D:4      | 3461 ||| DROPPING +0 scale mail.
  3462 | D:4      | 3462 ||| UPGRADING to +0 plate armour.
  3472 | D:4      | 3472 ||| DROPPING +0 ring mail of cold resistance.
  3489 | D:5      | Entered Level 5 of the Dungeon
  3489 | D:5      | Noticed Ijyb
  3490 | D:5      | 3490 ||| INVOKING Heroism.
  3492 | D:5      | Reached XP level 8. HP: 44/48 MP: 5/8
  3494 | D:5      | Reached skill level 1 in Invocations
  3499 | D:5      | Killed Ijyb
  3588 | D:5      | 3588 ||| INVOKING Heroism.
  3631 | D:5      | Noticed Eustachio
  3632 | D:5      | 3632 ||| INVOKING Heroism.
  3655 | D:5      | 3655 ||| INVOKING Heroism.
  3661 | D:5      | Killed Eustachio
  3662 | D:5      | Reached skill level 3 in Invocations
  3704 | D:5      | Identified the +10 spear "Earthworm" {drain, Fly rC+}
  3721 | D:5      | Found an ancient bone altar of Kikubaaqudgha.
  3724 | D:5      | Found a hide-covered altar of Uskayaw.
  3821 | D:5      | 3821 ||| Stepping ~*~*~tactically~*~*~ (stealth).
  3823 | D:5      | 3823 ||| INVOKING Heroism.
  3826 | D:5      | 3826 ||| Stepping ~*~*~tactically~*~*~ (hiding).
  3828 | D:5      | 3828 ||| Stepping ~*~*~tactically~*~*~ (hiding).
  3945 | D:5      | 3945 ||| DROPPING +2 whip of electrocution.
  4036 | D:5      | 4036 ||| INVOKING Heroism.
  4061 | D:5      | 4061 ||| READING scroll of enchant weapon.
  4061 | D:5      | 4061 ||| ENCHANTING +1 war axe of electrocution.
  4132 | D:5      | 4132 ||| Stepping ~*~*~tactically~*~*~ (hiding).
  4134 | D:5      | 4134 ||| Stepping ~*~*~tactically~*~*~ (hiding).
  4147 | D:5      | 4147 ||| Stepping ~*~*~tactically~*~*~ (stealth).
  4154 | D:5      | 4154 ||| Stepping ~*~*~tactically~*~*~ (hiding).
  4436 | D:5      | 4436 ||| UPGRADING to +2 cloak.
  4446 | D:5      | 4446 ||| DROPPING +1 cloak.
  4447 | D:5      | 4447 ||| UPGRADING to amulet of the acrobat.
  4452 | D:5      | 4452 ||| DRINKING 3 orange potions.
  4453 | D:5      | 4453 ||| READING 2 scrolls of identify.
  4453 | D:5      | 4453 ||| IDENTIFYING pink potion
  4454 | D:5      | 4454 ||| DROPPING 2 potions of invisibility.
  4481 | D:6      | Noticed Grinder
  4482 | D:6      | 4482 ||| INVOKING Heroism.
  4485 | D:6      | Killed Grinder
  4486 | D:6      | Reached XP level 9. HP: 53/54 MP: 9/12
  4518 | D:6      | Noticed Prince Ribbit
  4519 | D:6      | 4519 ||| INVOKING Heroism.
  4529 | D:6      | Killed Prince Ribbit
  4530 | D:6      | Reached skill level 8 in Axes
  4592 | D:6      | 4592 ||| INVOKING Heroism.
  4614 | D:6      | 4614 ||| Stepping ~*~*~tactically~*~*~ (stealth).
  4618 | D:6      | 4618 ||| Stepping ~*~*~tactically~*~*~ (stealth).
  4619 | D:6      | 4619 ||| INVOKING Heroism.
  4622 | D:6      | 4622 ||| Stepping ~*~*~tactically~*~*~ (hiding).
  4623 | D:6      | 4623 ||| Stepping ~*~*~tactically~*~*~ (hiding).
  4624 | D:6      | 4624 ||| Stepping ~*~*~tactically~*~*~ (hiding).
  4638 | D:6      | 4638 ||| Stepping ~*~*~tactically~*~*~ (stealth).
  4639 | D:6      | 4639 ||| Stepping ~*~*~tactically~*~*~ (stealth).
  4640 | D:6      | 4640 ||| Stepping ~*~*~tactically~*~*~ (stealth).
  4641 | D:6      | 4641 ||| Stepping ~*~*~tactically~*~*~ (stealth).
  4642 | D:6      | 4642 ||| Stepping ~*~*~tactically~*~*~ (stealth).
  4774 | D:6      | Found a radiant altar of Vehumet.
  4790 | D:6      | 4790 ||| Stepping ~*~*~tactically~*~*~ (stealth).
  4794 | D:6      | 4794 ||| Stepping ~*~*~tactically~*~*~ (stealth).
  4795 | D:6      | 4795 ||| Stepping ~*~*~tactically~*~*~ (stealth).
  4797 | D:6      | 4797 ||| Stepping ~*~*~tactically~*~*~ (stealth).
  4839 | D:6      | 4839 ||| Stepping ~*~*~tactically~*~*~ (hiding).
  4840 | D:6      | 4840 ||| Stepping ~*~*~tactically~*~*~ (hiding).
  4845 | D:6      | 4845 ||| INVOKING Heroism.
  4850 | D:6      | Reached skill level 6 in Fighting
  4850 | D:6      | 4850 ||| Stepping ~*~*~tactically~*~*~ (cloud).
  5004 | D:6      | 5004 ||| READING scroll labelled XALIGU DOUKH.
  5005 | D:6      | 5005 ||| READING scroll labelled RUDUNLA DOMM.
  5006 | D:6      | 5006 ||| DRINKING 2 coppery potions.
  5006 | D:6      | Gained mutation: You are weak. (Str -2) [potion of
                  | mutation]
  5006 | D:6      | Gained mutation: You are occasionally teleported next to
                  | monsters. [potion of mutation]
  5006 | D:6      | Gained mutation: You are robust. (+10% HP) [potion of
                  | mutation]
  5022 | D:6      | 5022 ||| DRINKING potion of mutation.
  5022 | D:6      | Lost mutation: You are robust. (+10% HP) [potion of
                  | mutation]
  5022 | D:6      | Lost mutation: You are occasionally teleported next to
                  | monsters. [potion of mutation]
  5022 | D:6      | Lost mutation: You are weak. (Str -2) [potion of mutation]
  5022 | D:6      | Gained mutation: You occasionally shout uncontrollably at
                  | your foes. [potion of mutation]
  5022 | D:6      | Gained mutation: You are vulnerable to cold. (rC-) [potion
                  | of mutation]
  5022 | D:6      | Gained mutation: Your flesh is heat resistant. (rF+)
                  | [potion of mutation]
  5023 | D:6      | 5023 ||| DRINKING 2 fizzy black potions.
  5024 | D:6      | 5024 ||| DRINKING 2 silvery potions.
  5025 | D:6      | 5025 ||| READING 2 scrolls of identify.
  5025 | D:6      | 5025 ||| IDENTIFYING blue potion
  5026 | D:6      | 5026 ||| DROPPING potion of flight.
  5027 | D:6      | 5027 ||| DROPPING potion of degeneration.
  5072 | D:7      | Found a shimmering altar of Xom.
  5167 | D:7      | 5167 ||| Stepping ~*~*~tactically~*~*~ (stealth).
  5169 | D:7      | 5169 ||| INVOKING Heroism.
  5190 | D:7      | 5190 ||| Stepping ~*~*~tactically~*~*~ (stealth).
  5191 | D:7      | 5191 ||| Stepping ~*~*~tactically~*~*~ (stealth).
  5231 | D:7      | Found a bloodstained altar of Trog.
  5392 | D:7      | Found a runed translucent gate.
  5392 | D:7      | Found a runed translucent gate.
  5392 | D:7      | Noticed qw's ghost (novice GrFi)
  5393 | D:7      | Found a runed translucent gate.
  5610 | D:7      | Reached skill level 9 in Axes
  5799 | D:7      | 5799 ||| READING 2 scrolls of identify.
  5799 | D:7      | 5799 ||| IDENTIFYING bubbling golden potion
  5874 | D:8      | 5874 ||| DRINKING potion of mutation.
  5874 | D:8      | Lost mutation: Your flesh is heat resistant. (rF+) [potion
                  | of mutation]
  5874 | D:8      | Lost mutation: You occasionally shout uncontrollably at
                  | your foes. [potion of mutation]
  5874 | D:8      | Lost mutation: You are vulnerable to cold. (rC-) [potion of
                  | mutation]
  5874 | D:8      | Gained mutation: You are weak. (Str -2) [potion of
                  | mutation]
  5874 | D:8      | Gained mutation: Armour fits poorly on your strangely
                  | shaped body. [potion of mutation]
  5913 | D:8      | Found Qened's Magic Scroll Shoppe.
  5916 | D:8      | 5916 ||| BUYING scroll of enchant weapon (82 gold).
  5916 | D:8      | Bought a scroll of enchant weapon for 82 gold pieces
  5916 | D:8      | 5916 ||| BUYING scroll of identify (22 gold).
  5916 | D:8      | Bought a scroll of identify for 22 gold pieces
  5916 | D:8      | 5916 ||| BUYING scroll of identify (22 gold).
  5916 | D:8      | Bought a scroll of identify for 22 gold pieces
  5916 | D:8      | 5916 ||| BUYING scroll of identify (22 gold).
  5916 | D:8      | Bought a scroll of identify for 22 gold pieces
  5916 | D:8      | 5916 ||| BUYING scroll of identify (22 gold).
  5916 | D:8      | Bought a scroll of identify for 22 gold pieces
  5916 | D:8      | 5916 ||| BUYING scroll of identify (22 gold).
  5916 | D:8      | Bought a scroll of identify for 22 gold pieces
  5916 | D:8      | 5916 ||| READING scroll of enchant weapon.
  5916 | D:8      | 5916 ||| ENCHANTING +2 war axe of electrocution.
  6091 | D:8      | Found an opulent altar of Gozag.
  6213 | D:8      | 6213 ||| INVOKING Heroism.
  6215 | D:8      | Reached skill level 6 in Armour
  6328 | D:8      | 6328 ||| INVOKING Heroism.
  6335 | D:8      | Reached XP level 10. HP: 52/61 MP: 10/13
  6403 | D:8      | 6403 ||| DROPPING +0 flail.
  6426 | D:8      | Found a broken altar of Ashenzari.
  6549 | D:8      | 6549 ||| Stepping ~*~*~tactically~*~*~ (hiding).
  6562 | D:8      | Reached skill level 10 in Axes
  6636 | D:8      | 6636 ||| DROPPING +3 flail.
  6660 | D:8      | 6660 ||| Stepping ~*~*~tactically~*~*~ (hiding).
  6662 | D:8      | 6662 ||| Stepping ~*~*~tactically~*~*~ (hiding).
  6823 | D:8      | Found a staircase to the Lair.
  6898 | D:8      | 6898 ||| PLANNING LAIR
  6898 | D:8      | 6898 ||| READING scroll labelled UCOHIO DOISISTI.
  6999 | D:8      | 6999 ||| READING 7 scrolls of identify.
  6999 | D:8      | 6999 ||| IDENTIFYING viscous puce potion
  7044 | Lair:1   | Entered Level 1 of the Lair of Beasts
  7058 | Lair:1   | 7058 ||| Stepping ~*~*~tactically~*~*~ (hiding).
  7061 | Lair:1   | 7061 ||| INVOKING Heroism.
  7115 | Lair:1   | 7115 ||| INVOKING Heroism.
  7178 | Lair:1   | Noticed a cane toad
  7179 | Lair:1   | 7179 ||| INVOKING Heroism.
  7188 | Lair:1   | Killed a cane toad
  7287 | Lair:1   | 7287 ||| INVOKING Heroism.
  7319 | Lair:1   | 7319 ||| INVOKING Heroism.
  7319 | Lair:1   | Noticed a cane toad
  7320 | Lair:1   | Noticed an elephant
  7321 | Lair:1   | 7321 ||| Stepping ~*~*~tactically~*~*~ (stealth).
  7323 | Lair:1   | 7323 ||| Stepping ~*~*~tactically~*~*~ (stealth).
  7325 | Lair:1   | 7325 ||| Stepping ~*~*~tactically~*~*~ (hiding).
  7325 | Lair:1   | Noticed an elephant
  7325 | Lair:1   | Noticed a cane toad
  7326 | Lair:1   | Noticed an elephant
  7326 | Lair:1   | Noticed an elephant
  7328 | Lair:1   | Noticed an elephant
  7341 | Lair:1   | Killed an elephant
  7343 | Lair:1   | Killed an elephant
  7343 | Lair:1   | Reached *** piety under Okawaru
  7344 | Lair:1   | Reached skill level 11 in Axes
  7344 | Lair:1   | Reached XP level 11. HP: 39/68 MP: 14/14
  7348 | Lair:1   | 7348 ||| INVOKING Heroism.
  7351 | Lair:1   | Reached skill level 9 in Fighting
  7354 | Lair:1   | HP: 5/71 [cane toad (14)]
  7355 | Lair:1   | 7355 ||| READING 5 scrolls of teleportation.
  7356 | Lair:1   | 7356 ||| DRINKING 2 potions of heal wounds.
  7614 | Lair:1   | 7614 ||| INVOKING Heroism.
  7615 | Lair:1   | Received a gift from Okawaru
  7843 | Lair:1   | 7843 ||| Stepping ~*~*~tactically~*~*~ (hiding).
  7857 | Lair:1   | 7857 ||| INVOKING Heroism.
  8265 | Lair:1   | 8265 ||| DROPPING ring of fire.
  8266 | Lair:1   | 8266 ||| UPGRADING to ring of protection from fire.
  8268 | Lair:1   | 8268 ||| DROPPING ring of fire.
  8269 | Lair:1   | 8269 ||| DROPPING +6 ring of intelligence.
  8317 | Lair:2   | 8317 ||| INVOKING Heroism.
  8349 | Lair:2   | 8349 ||| INVOKING Heroism.
  8406 | Lair:2   | Noticed a skyshark
  8420 | Lair:2   | 8420 ||| INVOKING Heroism.
  8424 | Lair:2   | Killed a skyshark
  8425 | Lair:2   | Reached skill level 12 in Axes
  8514 | Lair:2   | 8514 ||| Stepping ~*~*~tactically~*~*~ (stealth).
  8557 | Lair:2   | 8557 ||| INVOKING Heroism.
  8585 | Lair:2   | 8585 ||| INVOKING Heroism.
  8591 | Lair:2   | Reached skill level 6 in Shields
  8862 | Lair:2   | 8862 ||| INVOKING Heroism.
  8922 | Lair:2   | Found a staircase to the Shoals.
  8922 | Lair:2   | Noticed a harpy
  8922 | Lair:2   | Noticed a harpy
  8926 | Lair:2   | 8926 ||| INVOKING Heroism.
  8931 | Lair:2   | HP: 14/71 [harpy (8)]
  8932 | Lair:2   | 8932 ||| READING 4 scrolls of teleportation.
  8933 | Lair:2   | 8933 ||| DRINKING potion of heal wounds.
  8935 | Lair:2   | Killed a harpy
  8936 | Lair:2   | Reached skill level 9 in Armour
  9170 | Lair:2   | 9170 ||| INVOKING Heroism.
  9192 | Lair:2   | 9192 ||| Stepping ~*~*~tactically~*~*~ (stealth).
  9193 | Lair:2   | 9193 ||| INVOKING Heroism.
  9209 | Lair:2   | 9209 ||| Stepping ~*~*~tactically~*~*~ (stealth).
  9219 | Lair:2   | 9219 ||| INVOKING Heroism.
  9221 | Lair:2   | Reached XP level 12. HP: 43/77 MP: 12/15
  9507 | Lair:2   | 9507 ||| INVOKING Heroism.
  9524 | Lair:2   | Reached **** piety under Okawaru
  9605 | Lair:2   | 9605 ||| INVOKING Heroism.
  9624 | Lair:2   | 9624 ||| INVOKING Heroism.
  9918 | Lair:2   | 9918 ||| DROPPING orb of wrath.
  9919 | Lair:2   | 9919 ||| UPGRADING to +2 kite shield.
  9929 | Lair:2   | 9929 ||| DROPPING +0 buckler.
  9930 | Lair:2   | 9930 ||| READING scroll labelled WISE LANUSH.
  9944 | Lair:3   | Noticed a skyshark
  9957 | Lair:3   | 9957 ||| INVOKING Heroism.
  9963 | Lair:3   | Killed a skyshark
 10170 | Lair:3   | 10170 ||| Stepping ~*~*~tactically~*~*~ (stealth).
 10172 | Lair:3   | 10172 ||| INVOKING Heroism.
 10175 | Lair:3   | 10175 ||| Stepping ~*~*~tactically~*~*~ (stealth).
 10242 | Lair:3   | 10242 ||| INVOKING Heroism.
 10406 | Lair:3   | 10406 ||| Stepping ~*~*~tactically~*~*~ (stealth).
 10413 | Lair:3   | 10413 ||| INVOKING Heroism.
 10422 | Lair:3   | Reached skill level 6 in Invocations
 10508 | Lair:3   | Found a hole to the Spider Nest.
 10514 | Lair:3   | 10514 ||| Stepping ~*~*~tactically~*~*~ (hiding).
 10516 | Lair:3   | 10516 ||| INVOKING Heroism.
 10558 | Lair:3   | Received a gift from Okawaru
 10626 | Lair:3   | Noticed a boulder beetle
 10627 | Lair:3   | 10627 ||| INVOKING Heroism.
 10656 | Lair:3   | Killed a boulder beetle
 10712 | Lair:3   | 10712 ||| INVOKING Heroism.
 10737 | Lair:3   | 10737 ||| DRINKING potion of mutation.
 10737 | Lair:3   | Lost mutation: Armour fits poorly on your strangely shaped
                  | body. [potion of mutation]
 10737 | Lair:3   | Lost mutation: You are weak. (Str -2) [potion of mutation]
 10737 | Lair:3   | Gained mutation: Your muscles are strong. (Str +4, Int/Dex
                  | -1) [potion of mutation]
 10737 | Lair:3   | Gained mutation: You are clumsy. (Dex -2) [potion of
                  | mutation]
 10737 | Lair:3   | Gained mutation: Your flesh is cold resistant. (rC+)
                  | [potion of mutation]
 10737 | Lair:3   | Gained mutation: You have supernaturally acute eyesight.
                  | (SInv) [potion of mutation]
 10738 | Lair:3   | 10738 ||| REMOVING ring of see invisible.
 11154 | Lair:3   | Reached skill level 9 in Shields
 11326 | Lair:3   | 11326 ||| UPGRADING to +0 pair of gloves.
 11331 | Lair:3   | 11331 ||| UPGRADING to ring of positive energy.
 11332 | Lair:3   | 11332 ||| DROPPING ring of see invisible.
 11333 | Lair:3   | 11333 ||| UPGRADING to ring of protection from fire.
 11335 | Lair:3   | 11335 ||| DROPPING ring of see invisible.
 11336 | Lair:3   | 11336 ||| READING 2 scrolls labelled OLOHEO APEF.
 11337 | Lair:3   | 11337 ||| READING 11 scrolls of identify.
 11337 | Lair:3   | 11337 ||| IDENTIFYING brown potion
 11338 | Lair:3   | 11338 ||| DROPPING scroll of fear.
 11339 | Lair:3   | 11339 ||| DROPPING potion of ambrosia.
 11363 | Lair:4   | 11363 ||| READING scroll of enchant armour.
 11363 | Lair:4   | 11363 ||| ENCHANTING +0 pair of gloves.
 11369 | Lair:4   | 11369 ||| Stepping ~*~*~tactically~*~*~ (stealth).
 11370 | Lair:4   | 11370 ||| INVOKING Heroism.
 11371 | Lair:4   | 11371 ||| Stepping ~*~*~tactically~*~*~ (stealth).
 11450 | Lair:4   | Found a blossoming altar of Fedhas.
 11479 | Lair:4   | 11479 ||| INVOKING Heroism.
 11485 | Lair:4   | Reached XP level 13. HP: 52/82 MP: 15/18
 11589 | Lair:4   | 11589 ||| READING scroll of enchant armour.
 11589 | Lair:4   | 11589 ||| ENCHANTING +1 pair of gloves.
 11625 | Lair:4   | Found a staircase to the Slime Pits.
 11686 | Lair:4   | 11686 ||| INVOKING Heroism.
 11805 | Lair:4   | 11805 ||| INVOKING Heroism.
 11953 | Lair:4   | 11953 ||| INVOKING Heroism.
 12021 | Lair:4   | Received a gift from Okawaru
 12196 | Lair:4   | 12196 ||| INVOKING Heroism.
 12202 | Lair:4   | 12202 ||| SWAPPING to +0 morningstar.
 12206 | Lair:4   | 12206 ||| SWAPPING to +3 war axe of electrocution.
 12413 | Lair:4   | 12413 ||| INVOKING Heroism.
 12432 | Lair:4   | 12432 ||| Stepping ~*~*~tactically~*~*~ (stealth).
 12437 | Lair:4   | 12437 ||| Stepping ~*~*~tactically~*~*~ (stealth).
 12636 | Lair:4   | 12636 ||| DROPPING amulet of guardian spirit.
 12637 | Lair:4   | 12637 ||| READING scroll labelled YPALEP MOUPT.
 12637 | Lair:4   | Identified a scroll of acquirement
 12637 | Lair:4   | 12637 ||| ACQUIRING +5 ring of evasion
 12637 | Lair:4   | Acquired a +5 ring of evasion
 12639 | Lair:4   | 12639 ||| UPGRADING to +5 ring of evasion.
 12675 | Lair:5   | Entered Level 5 of the Lair of Beasts
 12691 | Lair:5   | Reached skill level 13 in Axes
 12692 | Lair:5   | Reached skill level 9 in Invocations
 12783 | Lair:5   | 12783 ||| Stepping ~*~*~tactically~*~*~ (stealth).
 12785 | Lair:5   | 12785 ||| INVOKING Heroism.
 12799 | Lair:5   | Identified the +7 sling "Alasue Jess" {heavy, SInv Stlth+}
 12814 | Lair:5   | 12814 ||| INVOKING Heroism.
 12920 | Lair:5   | 12920 ||| INVOKING Heroism.
 12951 | Lair:5   | 12951 ||| INVOKING Heroism.
 12974 | Lair:5   | Received a gift from Okawaru
 12983 | Lair:5   | Reached ***** piety under Okawaru
 13109 | Lair:5   | 13109 ||| INVOKING Heroism.
 13132 | Lair:5   | 13132 ||| SWAPPING to +0 morningstar.
 13138 | Lair:5   | 13138 ||| SWAPPING to +3 war axe of electrocution.
 13214 | Lair:5   | Reached skill level 3 in Throwing
 13292 | Lair:5   | 13292 ||| INVOKING Heroism.
 13417 | Lair:5   | 13417 ||| INVOKING Heroism.
 13426 | Lair:5   | 13426 ||| Stepping ~*~*~tactically~*~*~ (hiding).
 13565 | Lair:5   | 13565 ||| INVOKING Heroism.
 13585 | Lair:5   | Identified the +0 chain mail "Jinn" {rC+ rN+ Dex+3}
                  | (Okawaru gifted it to you on level 5 of the Lair of Beasts)
 13585 | Lair:5   | Received a gift from Okawaru
 13586 | Lair:5   | Gained mutation: Your large and strong wings let you fly.
                  | [Gargoyle growth]
 13586 | Lair:5   | Reached XP level 14. HP: 70/88 MP: 21/21
 13598 | Lair:5   | Reached skill level 14 in Axes
 13661 | Lair:5   | 13661 ||| Stepping ~*~*~tactically~*~*~ (stealth).
 13670 | Lair:5   | 13670 ||| INVOKING Heroism.
 13695 | Lair:5   | 13695 ||| Stepping ~*~*~tactically~*~*~ (stealth).
 13698 | Lair:5   | 13698 ||| Stepping ~*~*~tactically~*~*~ (stealth).
 13701 | Lair:5   | 13701 ||| Stepping ~*~*~tactically~*~*~ (stealth).
 13806 | Lair:5   | 13806 ||| Stepping ~*~*~tactically~*~*~ (stealth).
 13814 | Lair:5   | 13814 ||| Stepping ~*~*~tactically~*~*~ (stealth).
 13906 | Lair:5   | 13906 ||| Stepping ~*~*~tactically~*~*~ (stealth).
 13918 | Lair:5   | 13918 ||| INVOKING Heroism.
 14002 | Lair:5   | 14002 ||| Stepping ~*~*~tactically~*~*~ (stealth).
 14026 | Lair:5   | 14026 ||| Stepping ~*~*~tactically~*~*~ (stealth).
 14171 | Lair:5   | Found a corrupted altar of Lugonu.
 14171 | Lair:5   | Found a one-way gate to the infinite horrors of the Abyss.
 14182 | Lair:5   | Identified the ring of Muxzo {rElec rC+++ Will- Str+3
                  | Dex+6}
 14331 | Lair:5   | 14331 ||| INVOKING Heroism.
 14332 | Lair:5   | 14332 ||| Stepping ~*~*~tactically~*~*~ (stealth).
 14334 | Lair:5   | 14334 ||| INVOKING Finesse.
 14370 | Lair:5   | Reached skill level 12 in Shields
 14576 | Lair:5   | 14576 ||| PLANNING D:1-11
 14576 | Lair:5   | 14576 ||| UPGRADING to +0 helmet.
 14581 | Lair:5   | 14581 ||| DROPPING amulet of magic regeneration.
 14582 | Lair:5   | 14582 ||| DROPPING +6 ring of dexterity.
 14583 | Lair:5   | 14583 ||| DROPPING ring of positive energy.
 14584 | Lair:5   | 14584 ||| UPGRADING to ring of Muxzo {rElec rC+++ Will-
                  | Str+3 Dex+6}.
 14586 | Lair:5   | 14586 ||| READING 10 scrolls of identify.
 14586 | Lair:5   | 14586 ||| IDENTIFYING glowing dark potion
 14587 | Lair:5   | 14587 ||| DROPPING potion of brilliance.
 14775 | D:9      | Reached skill level 3 in Dodging
 14801 | D:9      | Found a glowing silver altar of Zin.
 14836 | D:9      | 14836 ||| Stepping ~*~*~tactically~*~*~ (stealth).
 14906 | D:9      | 14906 ||| Stepping ~*~*~tactically~*~*~ (stealth).
 14909 | D:9      | 14909 ||| Stepping ~*~*~tactically~*~*~ (stealth).
 14911 | D:9      | 14911 ||| Stepping ~*~*~tactically~*~*~ (stealth).
 14913 | D:9      | 14913 ||| Stepping ~*~*~tactically~*~*~ (stealth).
 14930 | D:9      | 14930 ||| Stepping ~*~*~tactically~*~*~ (stealth).
 15086 | D:9      | Found a blossoming altar of Fedhas.
 15134 | D:9      | Found Tabekomp's Neck Hole.
 15317 | D:10     | Entered Level 10 of the Dungeon
 15482 | D:10     | Found a staircase to the Orcish Mines.
 15484 | D:10     | Found Suitaesk's Armour Boutique.
 15676 | D:10     | Found an ornate altar of the Wu Jian Council.
 15997 | D:10     | 15997 ||| READING scroll of enchant weapon.
 15997 | D:10     | 15997 ||| ENCHANTING +3 war axe of electrocution.
 16273 | D:11     | 16273 ||| INVOKING Heroism.
 16347 | D:11     | Found a radiant altar of Vehumet.
 16523 | D:11     | 16523 ||| Stepping ~*~*~tactically~*~*~ (stealth).
 16686 | D:11     | 16686 ||| PLANNING D
 16686 | D:11     | 16686 ||| DROPPING ring of wizardry.
 16729 | D:12     | Noticed Psyche
 16738 | D:12     | 16738 ||| DRINKING potion of cancellation.
 16742 | D:12     | Killed Psyche
 16812 | D:12     | 16812 ||| Stepping ~*~*~tactically~*~*~ (hiding).
 17122 | D:12     | You are sucked into a shaft and drop 2 floors!
 17126 | D:14     | 17126 ||| READING scroll of brand weapon.
 17126 | D:14     | 17126 ||| BRANDING +4 war axe of electrocution.
 17164 | D:14     | 17164 ||| READING 11 scrolls of identify.
 17164 | D:14     | 17164 ||| IDENTIFYING fuming sapphire potion
 17270 | D:13     | 17270 ||| Stepping ~*~*~tactically~*~*~ (hiding).
 17309 | D:13     | 17309 ||| Stepping ~*~*~tactically~*~*~ (stealth).
 17494 | D:13     | 17494 ||| INVOKING Heroism.
 17495 | D:13     | 17495 ||| SWAPPING to +0 morningstar.
 17496 | D:13     | 17496 ||| INVOKING Finesse.
 17501 | D:13     | 17501 ||| SWAPPING to +4 war axe of venom.
 17644 | D:12     | Reached skill level 15 in Axes
 17875 | D:12     | Received a gift from Okawaru
 17890 | D:12     | 17890 ||| INVOKING Heroism.
 18004 | D:12     | Received a gift from Okawaru
 18005 | D:12     | Reached XP level 15. HP: 96/96 MP: 22/22
 18014 | D:12     | Reached skill level 12 in Fighting
 18235 | D:12     | Identified the staff of air "Tomukhuch" {rElec rC+ Str+4}
 18453 | D:12     | 18453 ||| Stepping ~*~*~tactically~*~*~ (stealth).
 18456 | D:12     | 18456 ||| Stepping ~*~*~tactically~*~*~ (stealth).
 18493 | D:12     | 18493 ||| Stepping ~*~*~tactically~*~*~ (stealth).
 18543 | D:12     | 18543 ||| INVOKING Heroism.
 18544 | D:12     | 18544 ||| INVOKING Finesse.
 18608 | D:12     | Noticed Frances
 18609 | D:12     | 18609 ||| Stepping ~*~*~tactically~*~*~ (hiding).
 18610 | D:12     | 18610 ||| INVOKING Heroism.
 18614 | D:12     | Noticed a frost giant
 18623 | D:12     | 18623 ||| SWAPPING to +0 morningstar.
 18626 | D:12     | HP: 15/96 [Frances/+0 glaive (18)]
 18627 | D:12     | 18627 ||| READING 10 scrolls of teleportation.
 18628 | D:12     | 18628 ||| DRINKING 5 potions of heal wounds.
 18630 | D:12     | 18630 ||| Stepping ~*~*~tactically~*~*~ (outnumbered).
 18631 | D:12     | 18631 ||| Stepping ~*~*~tactically~*~*~ (outnumbered).
 18632 | D:12     | 18632 ||| SWAPPING to +4 war axe of venom.
 18860 | D:12     | 18860 ||| Stepping ~*~*~tactically~*~*~ (stealth).
 18864 | D:12     | 18864 ||| INVOKING Heroism.
 18882 | D:12     | Killed Frances
 18899 | D:12     | 18899 ||| SWAPPING to +0 morningstar.
 18904 | D:12     | Killed a frost giant
 18905 | D:12     | Reached skill level 16 in Axes
 18905 | D:12     | 18905 ||| INVOKING Finesse.
 18911 | D:12     | 18911 ||| SWAPPING to +4 war axe of venom.
 18956 | D:12     | 18956 ||| INVOKING Heroism.
 19021 | D:12     | 19021 ||| Stepping ~*~*~tactically~*~*~ (stealth).
 19026 | D:12     | 19026 ||| INVOKING Heroism.
 19100 | D:12     | Received a gift from Okawaru
 19157 | D:12     | Identified the ring of Bauzadd {+Blink rPois EV+5 Dex+2
                  | Stlth-}
 19167 | D:12     | Identified the staff of death "Hoid" {rN+ Str+3}
 19170 | D:12     | 19170 ||| DROPPING +4 ring of protection.
 19171 | D:12     | 19171 ||| UPGRADING to ring of Bauzadd {+Blink rPois EV+5
                  | Dex+2 Stlth-}.
 19264 | D:13     | 19264 ||| STAIRDANCE
 19561 | D:13     | 19561 ||| DRINKING potion of experience.
 19561 | D:13     | Reached XP level 16. HP: 101/101 MP: 23/23
 19704 | D:13     | 19704 ||| READING 3 scrolls of enchant weapon.
 19704 | D:13     | 19704 ||| ENCHANTING +4 war axe of venom.
 19705 | D:13     | 19705 ||| READING 2 scrolls of enchant weapon.
 19705 | D:13     | 19705 ||| ENCHANTING +5 war axe of venom.
 19706 | D:13     | 19706 ||| READING scroll of enchant weapon.
 19706 | D:13     | 19706 ||| ENCHANTING +6 war axe of venom.
 19760 | D:13     | 19760 ||| Stepping ~*~*~tactically~*~*~ (stealth).
 19993 | D:14     | 19993 ||| Stepping ~*~*~tactically~*~*~ (hiding).
 19995 | D:14     | 19995 ||| Stepping ~*~*~tactically~*~*~ (hiding).
 20193 | D:14     | Found a gate to the Vaults.
 20194 | D:14     | 20194 ||| Stepping ~*~*~tactically~*~*~ (hiding).
 20195 | D:14     | 20195 ||| Stepping ~*~*~tactically~*~*~ (hiding).
 20196 | D:14     | 20196 ||| Stepping ~*~*~tactically~*~*~ (hiding).
 20334 | D:14     | 20334 ||| Stepping ~*~*~tactically~*~*~ (hiding).
 20336 | D:14     | 20336 ||| INVOKING Heroism.
 20472 | D:14     | 20472 ||| SWAPPING to +0 broad axe.
 20532 | D:14     | 20532 ||| DROPPING +7 war axe of venom.
 20737 | D:14     | 20737 ||| INVOKING Heroism.
 20742 | D:14     | 20742 ||| SWAPPING to +0 morningstar.
 20746 | D:14     | 20746 ||| SWAPPING to +0 broad axe.
 20958 | D:15     | Entered Level 15 of the Dungeon
 20960 | D:15     | 20960 ||| Stepping ~*~*~tactically~*~*~ (stealth).
 21032 | D:15     | 21032 ||| INVOKING Heroism.
 21037 | D:15     | 21037 ||| DRINKING 5 potions of curing.
 21037 | D:15     | 21037 ||| (to cure confusion)
 21380 | D:15     | 21380 ||| INVOKING Heroism.
 21417 | D:15     | 21417 ||| Stepping ~*~*~tactically~*~*~ (hiding).
 21422 | D:15     | 21422 ||| INVOKING Heroism.
 21611 | D:15     | 21611 ||| READING 2 scrolls of enchant weapon.
 21611 | D:15     | 21611 ||| ENCHANTING +0 broad axe.
 21612 | D:15     | 21612 ||| READING scroll of enchant weapon.
 21612 | D:15     | 21612 ||| ENCHANTING +1 broad axe.
 21717 | D:15     | 21717 ||| READING scroll of enchant weapon.
 21717 | D:15     | 21717 ||| ENCHANTING +2 broad axe.
 21794 | D:15     | Reached skill level 17 in Axes
 21834 | D:15     | 21834 ||| Stepping ~*~*~tactically~*~*~ (stealth).
 21918 | D:15     | Found a staircase to the Depths.
 21988 | D:15     | 21988 ||| PLANNING ORC
 22108 | Orc:1    | Entered Level 1 of the Orcish Mines
 22271 | Orc:2    | Entered Level 2 of the Orcish Mines
 22309 | Orc:1    | 22309 ||| Stepping ~*~*~tactically~*~*~ (stealth).
 22311 | Orc:1    | 22311 ||| Stepping ~*~*~tactically~*~*~ (stealth).
 22312 | Orc:1    | 22312 ||| INVOKING Heroism.
 22314 | Orc:1    | 22314 ||| Stepping ~*~*~tactically~*~*~ (stealth).
 22328 | Orc:1    | Received a gift from Okawaru
 22436 | Orc:1    | 22436 ||| INVOKING Heroism.
 22548 | Orc:1    | 22548 ||| Stepping ~*~*~tactically~*~*~ (hiding).
 22550 | Orc:1    | 22550 ||| Stepping ~*~*~tactically~*~*~ (stealth).
 22568 | Orc:1    | 22568 ||| INVOKING Heroism.
 23049 | Orc:2    | Found a staircase to the Elven Halls.
 23122 | Orc:2    | 23122 ||| Stepping ~*~*~tactically~*~*~ (stealth).
 23123 | Orc:2    | 23123 ||| Stepping ~*~*~tactically~*~*~ (stealth).
 23134 | Orc:2    | 23134 ||| INVOKING Heroism.
 23150 | Orc:2    | HP: 25/103 [orc warlord/+0 dire flail (38)]
 23151 | Orc:2    | 23151 ||| READING 11 scrolls of teleportation.
 23154 | Orc:2    | 23154 ||| DRINKING 5 potions of heal wounds.
 23155 | Orc:2    | 23155 ||| DRINKING 4 potions of heal wounds.
 23213 | Orc:2    | 23213 ||| Stepping ~*~*~tactically~*~*~ (stealth).
 23216 | Orc:2    | 23216 ||| Stepping ~*~*~tactically~*~*~ (stealth).
 23217 | Orc:2    | 23217 ||| Stepping ~*~*~tactically~*~*~ (stealth).
 23218 | Orc:2    | 23218 ||| INVOKING Heroism.
 23368 | Orc:2    | 23368 ||| Stepping ~*~*~tactically~*~*~ (hiding).
 23424 | Orc:2    | 23424 ||| Stepping ~*~*~tactically~*~*~ (stealth).
 23429 | Orc:2    | 23429 ||| Stepping ~*~*~tactically~*~*~ (stealth).
 23431 | Orc:2    | 23431 ||| Stepping ~*~*~tactically~*~*~ (hiding).
 23437 | Orc:2    | 23437 ||| INVOKING Heroism.
 23467 | Orc:2    | Received a gift from Okawaru
 23468 | Orc:2    | Reached XP level 17. HP: 70/108 MP: 24/24
 23488 | Orc:2    | 23488 ||| Stepping ~*~*~tactically~*~*~ (stealth).
 23499 | Orc:2    | 23499 ||| INVOKING Heroism.
 23661 | Orc:2    | 23661 ||| DRINKING 5 potions of curing.
 23661 | Orc:2    | 23661 ||| (to cure confusion)
 23683 | Orc:2    | Paralysed by an orc sorcerer for 3 turns
 23687 | Orc:2    | 23687 ||| INVOKING Heroism.
 23692 | Orc:2    | Paralysed by an orc sorcerer for 5 turns
 23712 | Orc:2    | HP: 20/108 [orc knight/+2 war axe (15)]
 23713 | Orc:2    | 23713 ||| READING 10 scrolls of teleportation.
 23714 | Orc:2    | 23714 ||| DRINKING 3 potions of heal wounds.
 23727 | Orc:2    | HP: 27/108 [smoke demon/divine providence[an orc high
                  | priest] (12)]
 23728 | Orc:2    | 23728 ||| READING 9 scrolls of teleportation.
 23729 | Orc:2    | 23729 ||| DRINKING 2 potions of heal wounds.
 23731 | Orc:2    | 23731 ||| INVOKING Heroism.
 23736 | Orc:2    | 23736 ||| Stepping ~*~*~tactically~*~*~ (stealth).
 23802 | Orc:2    | 23802 ||| Stepping ~*~*~tactically~*~*~ (stealth).
 23810 | Orc:2    | 23810 ||| Stepping ~*~*~tactically~*~*~ (stealth).
 23811 | Orc:2    | 23811 ||| Stepping ~*~*~tactically~*~*~ (stealth).
 23812 | Orc:2    | 23812 ||| Stepping ~*~*~tactically~*~*~ (stealth).
 23845 | Orc:2    | 23845 ||| INVOKING Heroism.
 23906 | Orc:2    | 23906 ||| INVOKING Heroism.
 24003 | Orc:2    | 24003 ||| INVOKING Heroism.
 24073 | Orc:2    | 24073 ||| Stepping ~*~*~tactically~*~*~ (stealth).
 24074 | Orc:2    | 24074 ||| Stepping ~*~*~tactically~*~*~ (stealth).
 24075 | Orc:2    | 24075 ||| Stepping ~*~*~tactically~*~*~ (stealth).
 24093 | Orc:2    | 24093 ||| Stepping ~*~*~tactically~*~*~ (stealth).
 24238 | Orc:2    | 24238 ||| Stepping ~*~*~tactically~*~*~ (stealth).
 24296 | Orc:2    | Found Bouqairy's General Store.
 24297 | Orc:2    | Found Weaf's Book Emporium.
 24299 | Orc:2    | Found Ahistrygo's Antique Armour Emporium.
 24299 | Orc:2    | Found Hiafur's Antique Weapon Shoppe.
 24304 | Orc:2    | 24304 ||| BUYING potion of curing (42 gold).
 24304 | Orc:2    | Bought a potion of curing for 42 gold pieces
 24315 | Orc:2    | 24315 ||| BUYING twisted scarf (330 gold).
 24315 | Orc:2    | Bought a twisted scarf for 330 gold pieces
 24315 | Orc:2    | Identified the scarf of the Harvest Moon {repulsion, rPois
                  | rCorr Int-5} (You bought it in a shop on level 2 of the
                  | Orcish Mines)
 24316 | Orc:2    | 24316 ||| BUYING runed broad axe (203 gold).
 24316 | Orc:2    | Bought a runed broad axe for 203 gold pieces
 24316 | Orc:2    | 24316 ||| SWAPPING to +2 broad axe of electrocution.
 24317 | Orc:2    | 24317 ||| DROPPING +3 broad axe.
 24398 | Orc:2    | 24398 ||| PLANNING SPIDER:1-3
 24398 | Orc:2    | 24398 ||| UPGRADING to +1 plate armour of willpower.
 24408 | Orc:2    | 24408 ||| DROPPING +0 plate armour.
 24608 | Spider:1 | Entered Level 1 of the Spider Nest
 24809 | Spider:1 | 24809 ||| Stepping ~*~*~tactically~*~*~ (stealth).
 24826 | Spider:1 | Identified the +3 robe of Absolutism {rF+}
 24972 | Spider:1 | 24972 ||| Stepping ~*~*~tactically~*~*~ (stealth).
 24985 | Spider:1 | 24985 ||| Stepping ~*~*~tactically~*~*~ (stealth).
 24988 | Spider:1 | 24988 ||| Stepping ~*~*~tactically~*~*~ (stealth).
 25139 | Spider:1 | 25139 ||| INVOKING Heroism.
 25140 | Spider:1 | 25140 ||| Stepping ~*~*~tactically~*~*~ (stealth).
 25327 | Spider:1 | 25327 ||| INVOKING Heroism.
 25329 | Spider:1 | 25329 ||| Stepping ~*~*~tactically~*~*~ (hiding).
 25382 | Spider:1 | 25382 ||| INVOKING Heroism.
 25655 | Spider:1 | Received a gift from Okawaru
 25866 | Spider:2 | Noticed Arachne
 25873 | Spider:2 | 25873 ||| STAIRDANCE
 26003 | Spider:2 | 26003 ||| STAIRDANCE
 26018 | Spider:1 | 26018 ||| INVOKING Heroism.
 26023 | Spider:1 | Killed Arachne
 26024 | Spider:1 | Reached skill level 6 in Throwing
 26230 | Spider:2 | 26230 ||| Stepping ~*~*~tactically~*~*~ (stealth).
 26232 | Spider:2 | 26232 ||| Stepping ~*~*~tactically~*~*~ (hiding).
 26342 | Spider:2 | 26342 ||| Stepping ~*~*~tactically~*~*~ (stealth).
 26399 | Spider:2 | Noticed Nikola
 26400 | Spider:2 | 26400 ||| Stepping ~*~*~tactically~*~*~ (hiding).
 26401 | Spider:2 | 26401 ||| Stepping ~*~*~tactically~*~*~ (hiding).
 26402 | Spider:2 | 26402 ||| Stepping ~*~*~tactically~*~*~ (hiding).
 26403 | Spider:2 | 26403 ||| Stepping ~*~*~tactically~*~*~ (hiding).
 26404 | Spider:2 | 26404 ||| Stepping ~*~*~tactically~*~*~ (hiding).
 26405 | Spider:2 | 26405 ||| INVOKING Heroism.
 26417 | Spider:2 | Killed Nikola
 26504 | Spider:2 | 26504 ||| Stepping ~*~*~tactically~*~*~ (stealth).
 26512 | Spider:2 | Noticed Louise
 26531 | Spider:2 | Killed Louise
 26579 | Spider:2 | 26579 ||| INVOKING Heroism.
 26581 | Spider:2 | 26581 ||| Stepping ~*~*~tactically~*~*~ (stealth).
 26603 | Spider:2 | Reached skill level 18 in Axes
 26615 | Spider:2 | 26615 ||| Stepping ~*~*~tactically~*~*~ (stealth).
 26616 | Spider:2 | 26616 ||| Stepping ~*~*~tactically~*~*~ (stealth).
 26638 | Spider:2 | Received a gift from Okawaru
 26740 | Spider:2 | Noticed Aizul
 26741 | Spider:2 | 26741 ||| INVOKING Heroism.
 26762 | Spider:2 | 26762 ||| INVOKING Heroism.
 26763 | Spider:2 | Killed Aizul
 26812 | Spider:2 | 26812 ||| INVOKING Heroism.
 26819 | Spider:2 | HP: 19/108 [disintegration (35)]
 26820 | Spider:2 | 26820 ||| READING 10 scrolls of teleportation.
 26820 | Spider:2 | HP: 2/109 [steelbarb worm (18)]
 26820 | Spider:2 | Slain by a demonic crawler

Levels and vault maps discovered:
D:1:      dpeg_arrival_lava_altar, layout_basic,
          nicolae_concentric_dashed_squares_mild
D:2:      layout_loops_cross, basic_altar
D:3:      layout_basic, dreamdust_ecumenical_altar_angels_and_demons
D:4:      layout_loops_ring, mainiacjoe_overflow_chevrons, temple_fountains,
          uniq_crazy_yiuf_cottage, uniq_menkaure, uniq_pikel
D:5:      nicolae_cairo_tiling, layout_cave_pools, nicolae_overflow_squiral,
          grunt_ministairs_14, uniq_ijyb, uniq_eustachio
D:6:      layout_rooms, mainiacjoe_overflow_tiny_flanked, st_stairs_9,
          uniq_grinder, uniq_prince_ribbit1
D:7:      layout_basic, mainiacjoe_overflow_six_doors_small, kennysheep_mini,
          gammafunk_ghost_nasty_kobolds
D:8:      layout_loops_corners, lemuel_doored_altar, grunt_gozag_statues,
          lair_entry_dummy, serial_ice, serial_ice_d, serial_ice_h,
          serial_ice_k, serial_ice_g, serial_shops, kennysheep_mini_moat
D:9:      layout_rooms, mainiacjoe_overflow_catwalk, fedhas_altar_3,
          kennysheep_pointless_box, nrook_mini_vaults,
          nicolae_shop_sticking_my_neck_out
D:10:     layout_small_grid, lemuel_tele_altar, orc_david_3, minmay_lizard_king
D:11:     layout_basic, nicolae_vehumet_radiance
D:12:     lemuel_traditional_vault, layout_basic, laboratory, uniq_frances,
          uniq_psyche
D:13:     layout_loops_corners, portal_ice_cave_rime, kennysheep_generic_room_6
D:14:     layout_irregular_city, david_vaults_1, minmay_misc_feat_columns
D:15:     grunt_enter_depths_magical_seal, layout_cave_pools,
          ebering_dispersal_statue_hall
Temple:   nicolae_temple_bog_church
Lair:1:   layout_misc_corridors, infiniplex_staircase_pool_2, grunt_megastairs_4
Lair:2:   layout_regular_city, nicolae_shoals_entry_roost, guppyfry_lair_drakes
Lair:3:   layout_loops_ring, spider_nest_entry_webs, st_stairs_6
Lair:4:   layout_concentric_octagons, minmay_slime_entry_pillars, basic_altar,
          lemuel_fruit_tree
Lair:5:   hellmonk_lair_end_abyssal_woods, layout_misc_corridors
Spider:1: layout_chambers, nicolae_spider_solar_radiation
Spider:2: layout_cave_pods, uniq_nikola, uniq_arachne, uniq_louise, uniq_aizul
Orc:1:    layout_caves, mines3_lemuel
Orc:2:    st_orc_congregation, layout_caves, basic_altar

Skill      XL: |  1  2  3  4  5  6  7  8  9 10 11 12 13 14 15 16 17 |
---------------+----------------------------------------------------+-----
Axes           | 2 3 4 5 7 9 11 12 13 15 16 17 18 | 18.0
Dodging        | 2 3 |  3.0
Fighting       | 4 5 6 8 10 11 12 13 | 13.2
Invocations    | 4 7 10 | 10.0
Armour         | 4 6 7 9 10 11 13 | 13.0
Throwing       | 2 3 7 |  7.0
Shields        | 4 5 6 9 11 12 13 | 13.5

Action                     |  1- 3 |  4- 6 |  7- 9 | 10-12 | 13-15 | 16-18 || total
---------------------------+-------+-------+-------+-------+-------+-------++-------
  Melee: War axe           |    91 |    64 |   189 |   460 |   870 |    53 ||  1727
         Morningstar       |       |       |       |       |    26 |     3 ||    29
         Broad axe         |       |       |       |       |       |   730 ||   730
  Throw: Boomerang         |       |       |    45 |    55 |    47 |    64 ||   211
         Javelin           |       |       |       |       |    23 |    53 ||    76
 Invoke: Heroism           |       |       |    14 |    30 |    24 |    26 ||    94
         Finesse           |       |       |       |       |     4 |       ||     4
    Use: Scroll            |     5 |     3 |     7 |     8 |     7 |    10 ||    40
         Potion            |     1 |     1 |     6 |     3 |     3 |     6 ||    20
 Armour: Scale mail        |    29 |       |       |       |       |       ||    29
         Ring mail         |    12 |    16 |     1 |       |       |       ||    29
         Plate armour      |       |       |    88 |   214 |   314 |   293 ||   909
  Dodge: Dodged            |    37 |    30 |    36 |   133 |   317 |   475 ||  1028
  Block: Buckler           |    13 |     5 |    35 |    68 |       |       ||   121
         Kite shield       |       |       |       |    90 |   487 |   545 ||  1122

Table legend:
 A = Non-vault XP
 B = Vault XP
 C = Vault XP percentage of total XP
 D = Non-vault monster count
 E = Vault monster count
 F = Vault count percentage of total count
                 A         B        C        D         E       F
            +---------+---------+-------+---------+---------+-------
      Total |  103401 |   74233 |  41.8 |     466 |     238 |  33.8
            +---------+---------+-------+---------+---------+-------
        D:1 |       9 |       0 |   0.0 |       5 |       0 |   0.0
        D:2 |      34 |       0 |   0.0 |      13 |       0 |   0.0
        D:3 |      47 |       0 |   0.0 |      13 |       0 |   0.0
        D:4 |     315 |     792 |  71.5 |      20 |       2 |   9.1
        D:5 |     649 |     300 |  31.6 |      24 |       8 |  25.0
        D:6 |     465 |     780 |  62.7 |      13 |       4 |  23.5
        D:7 |     725 |       0 |   0.0 |       7 |       0 |   0.0
        D:8 |     995 |     947 |  48.8 |      19 |      10 |  34.5
        D:9 |    1747 |       0 |   0.0 |      28 |       0 |   0.0
       D:10 |    2386 |     850 |  26.3 |      28 |      14 |  33.3
       D:11 |    3046 |       0 |   0.0 |      10 |       0 |   0.0
       D:12 |    5365 |   19951 |  78.8 |      17 |      41 |  70.7
       D:13 |    4074 |    1905 |  31.9 |       9 |       4 |  30.8
       D:14 |    7510 |    1724 |  18.7 |      18 |       3 |  14.3
       D:15 |    9881 |    4587 |  31.7 |      21 |      10 |  32.3
     Lair:1 |    3655 |    2746 |  42.9 |      12 |       6 |  33.3
     Lair:2 |    6925 |    2553 |  26.9 |      27 |       6 |  18.2
     Lair:3 |    7023 |    1294 |  15.6 |      29 |       4 |  12.1
     Lair:4 |    6265 |     548 |   8.0 |      23 |       4 |  14.8
     Lair:5 |   16515 |   12099 |  42.3 |      39 |      41 |  51.2
   Spider:1 |    9626 |    6877 |  41.7 |      27 |       7 |  20.6
   Spider:2 |   13527 |    4723 |  25.9 |      37 |       3 |   7.5
      Orc:1 |    2220 |     527 |  19.2 |      24 |       1 |   4.0
      Orc:2 |     397 |   11030 |  96.5 |       3 |      70 |  95.9
            +---------+---------+-------+---------+---------+-------
